 Dungeon Crawl Stone Soup version 0.29-a0-72-g1732ff48e7 (webtiles) character file.

Game seed: 12340914568793861977

150 Sweetruy1997 the Chopper (level 5, -12/46 HPs)
             Began as a Hill Orc Fighter on Feb 4, 2022.
             Killed from afar by an acid dragon (27 damage)
             ... with a splash of acid
             ... on level 4 of the Dungeon.
             The game lasted 00:05:54 (3226 turns).

Sweetruy1997 the Chopper (Hill Orc Fighter)         Turns: 3226, Time: 00:05:55

Health: -12/46     AC:  2    Str: 25    XL:     5   Next: 32%
Magic:  5/5        EV: 11    Int:  8    God:
Gold:   111        SH:  4    Dex: 12    Spells: 4/4 levels left

rFire   + . .      SeeInvis .   a - +2 war axe
rCold   . . .      Faith    .   c - +0 buckler
rNeg    . . .      Spirit   .   q - +3 leather armour {rF+}
rPois   .          Reflect  .   (no helmet)
rElec   .          Harm     .   (no cloak)
rCorr   .          Rampage  .   (no gloves)
Will    .....                   (no boots)
Stlth   +.........              (no amulet)
HPRegen 0.15/turn               p - +6 ring of strength
MPRegen 0.09/turn               (no ring)

@: corroded
A: no striking features
a: no special abilities


You were on level 4 of the Dungeon.
You visited 1 branch of the dungeon, and saw 4 of its levels.

You collected 111 gold pieces.

Inventory:

Hand Weapons
 a - a +2 war axe (weapon)
Armour
 c - a +0 buckler (worn)
 q - a +3 leather armour of fire resistance (worn)
Jewellery
 p - a +6 ring of strength (left hand)
Wands
 n - a wand of polymorph (11)
Scrolls
 d - a scroll of amnesia
 g - 2 scrolls of teleportation
Potions
 b - a potion of heal wounds {unknown}
 f - a potion of curing {unknown}
 i - 4 potions of magic
 j - a potion of brilliance {unknown}
 k - a potion of mutation {unknown}
 m - a potion of ambrosia {unknown}
 o - a potion of flight {unknown}


   Skills:
 - Level 4.0 Fighting
 + Level 5.6 Axes
 - Level 4.0 Armour
 + Level 0.9 Dodging
 + Level 3.6 Shields


You had 4 spell levels left.
You didn't know any spells.
Your spell library contained the following spells:

 Spells                   Type           Power      Damage    Failure   Level
 Ensorcelled Hibernation  Hex/Ice        0%         N/A       67%         2
 Passwall                 Tmut/Erth      0%         N/A       67%         2
 Inner Flame              Hex/Fire       0%         N/A       88%         3
 Swiftness                Air            0%         N/A       88%         3
 Cause Fear               Hex            0%         N/A       99%         4
 Malign Gateway           Summ/Tloc      0%         N/A       100%        7
 Discord                  Hex            0%         N/A       100%        8
 Summon Horrible Things   Summ           0%         N/A       100%        8


Dungeon Overview and Level Annotations

Branches:
Dungeon (4/15)
 Temple: D:4-7

Altars:
Gozag
Nemelex Xobeh
Vehumet


Message History

You feel stronger.
p - a +6 ring of strength (left hand)
Aiming: Polymorph
Press: ? - help, Shift-Dir - straight line, f - ogre
Aim: an ogre, wielding a +0 giant club (will become an acid dragon, a warg, or a water moccasin, chance to affect: 49%)
The ogre resists with some effort.
Unknown command.
Cleave: a) +2 war axe
Press: ? - help, Dir - move target, p - ogre
Okay, then.
Aiming: Polymorph
Press: ? - help, Shift-Dir - straight line, f/p - ogre
Aim: an ogre, wielding a +0 giant club (will become an acid dragon, a warg, or a water moccasin, chance to affect: 49%)
The ogre resists with some effort.
Aiming: Polymorph
Press: ? - help, Shift-Dir - straight line, f/p - ogre
Aim: an ogre, wielding a +0 giant club (will become an acid dragon, a warg, or a water moccasin, chance to affect: 49%)
The ogre resists with some effort.
Aiming: Polymorph
Press: ? - help, Shift-Dir - straight line, f/p - ogre
Aim: an ogre, wielding a +0 giant club (will become an acid dragon, a warg, or a water moccasin, chance to affect: 49%)
The ogre evaporates and reforms as an acid dragon!
You hit the acid dragon but do no damage.
The acid dragon bites you but does no damage.
The acid dragon claws you but does no damage.
You closely miss the acid dragon. The acid dragon spits acid at you.
The splash of acid hits you. The acid corrodes you! The acid dragon bites you!
The acid dragon claws you.
You barely miss the acid dragon. The acid dragon misses you.
The acid dragon barely misses you.
You barely miss the acid dragon. The acid dragon bites you.
The acid dragon claws you.
You closely miss the acid dragon. The acid dragon bites you!
The acid dragon barely misses you.
You hit the acid dragon but do no damage.
The acid dragon spits acid at you. The splash of acid hits you!!
Ouch! That really hurt!
You die...

### #.# #.# #.##
#..### ##....###
#.
#.......######..
#..@D)..........
##.<.............
#................
#.#...............
####........##
##........#
#..##...<#
#..##....#
#..###...#


You could see an acid dragon (catching breath).

Vanquished Creatures
  Jessica (D:3)
  4 adders
  2 worms
  3 dart slugs
  8 orcs (D:3)
  5 ball pythons
  5 bats
  5 endoplasms
  3 giant cockroaches (D:2)
  8 goblins
  4 hobgoblins (D:3)
  2 jackals (D:3)
  4 quokkas
  4 frilled lizards
  4 kobolds (D:1)
  3 rats
65 creatures vanquished.

Notes
Turn   | Place    | Note
-------+----------+-------------------------------------------
     0 | D:1      | Sweetruy1997 the Hill Orc Fighter began the quest for the
                  | Orb.
     0 | D:1      | Reached XP level 1. HP: 19/19 MP: 1/1
   320 | D:1      | Reached XP level 2. HP: 27/27 MP: 2/2
   578 | D:1      | Reached skill level 3 in Axes
   591 | D:1      | Found a faded altar of an unknown god.
  1058 | D:2      | Reached XP level 3. HP: 23/33 MP: 3/3
  1508 | D:2      | Reached XP level 4. HP: 28/40 MP: 4/4
  1800 | D:3      | Noticed Jessica
  1808 | D:3      | Killed Jessica
  1809 | D:3      | Reached skill level 4 in Axes
  2100 | D:3      | Found an opulent altar of Gozag.
  2118 | D:3      | Found a radiant altar of Vehumet.
  2176 | D:3      | Reached skill level 5 in Axes
  2286 | D:3      | Reached XP level 5. HP: 46/46 MP: 5/5
  2880 | D:3      | Found a sparkling altar of Nemelex Xobeh.
  3214 | D:4      | Noticed an ogre
  3219 | D:4      | Noticed an acid dragon
  3219 | D:4      | an ogre changed into an acid dragon
  3226 | D:4      | Killed from afar by an acid dragon

Illustrated notes

Levels and vault maps discovered:
D:1:      minmay_arrival_jagged, layout_basic, nicolae_ecumenical_snake_handling
D:2:      layout_basic
D:3:      layout_loops_ring, fiery_altar_vehumet, lemuel_tele_altar,
          nicolae_overflow_hidden_temple, kennysheep_nub, minmay_misc_feat_rows,
          uniq_jessica
D:4:      layout_layer_cave, zin_purify, kennysheep_generic_room_14,
          uniq_grinder

Skill      XL: |  1  2  3  4 |
---------------+-------------+-----
Axes           | 3 5 |  5.6
Fighting       | 4 |  4.0
Armour         | 4 |  4.0
Dodging        | |  0.9
Shields        | |  3.6

Action                   |  1- 3 |  4- 6 || total
-------------------------+-------+-------++-------
Melee: War axe           |    76 |    96 ||   172
Evoke: Wand              |       |     4 ||     4
  Use: Scroll            |     3 |     5 ||     8
Armor: Scale mail        |    34 |    25 ||    59
       Leather armour    |       |     9 ||     9
Dodge: Dodged            |    41 |    37 ||    78
Block: Buckler           |    16 |    15 ||    31

Table legend: (Time is in decaauts)
 A = Elapsed time spent in this place.
 B = Non-inter-level travel time spent in this place.
 C = Inter-level travel time spent in this place.
 D = Time resting spent in this place.
 E = Time spent auto-exploring this place.
 F = Levels seen in this place.
 G = Mean time per level.
                   A        B        C        D        E       F      G
               +--------+--------+--------+--------+--------+-----+--------+
         Total |   3282 |   3160 |    122 |      5 |   2644 |   4 |  820.5 |
       Dungeon |   3282 |   3160 |    122 |      5 |   2644 |   4 |  820.5 |
               +--------+--------+--------+--------+--------+-----+--------+

Top non-repeatable levels by time:
     D:3: 1426 daAuts
     D:1: 926 daAuts
     D:2: 903 daAuts
     D:4: 25 daAuts
